AoeStats
← danjo

Golden Pit

503337771Analyzed
1v1 RM · 1mo ago on Aug 31, 2026· 20m 30s· 2 players
Game mode
Random Map
Map size
Tiny (2 player)
Population
200
Speed
Normal
Resources
Standard
Victory
Conquest
Starting age
Dark Age
Ending age
Imperial Age
RankedLock teamsTeams togetherTeam positionsShared explorationLock speedFull tech treeHidden civsTurbo modeCheats
Victory
Defeat
🇩🇪 Malians · Germany
983
+16
🇺🇸 Japanese · United States
980
-16
TheG4MER14
10:07 Loom
11:53 Feudal Age
13:38 Double-Bit Axe
13:40 Horse Collar
17:33 Castle Age
18:18 Wheelbarrow
18:19 Town Watch
danjo
11:37 Feudal Age
15:42 Castle Age
14:28 Double-Bit Axe
15:08 Loom
Connection lost

Rejoining the realm…

Still unreachable

The connection could not be restored.

Session expired

The server has moved on; the page needs a fresh start.